[Event "Early-Titled-Tuesday-Blitz-March-05-2024"]
[Site "Chess.com"]
[Date "2024.03.05"]
[Round "4"]
[White "Lady_Nika"]
[Black "InitiatingASC"]
[Result "1-0"]
[WhiteElo "2563"]
[BlackElo "2362"]
[TimeControl "180+1"]
[EndTime "8:42:15 PST"]
[Termination "Lady_Nika won on time"]

1. b3 b6 2. Bb2 Bb7 3. Nf3 e6 4. g3 c5 5. Bg2 Nf6 6. O-O Be7 7. c4 O-O 8. d3 d6 9. e4 Nbd7 10. Nbd2 a6 11. Qe2 Qc7 12. d4 cxd4 13. Nxd4 Rfe8 14. f4 Rac8 15. b4 Qb8 16. a3 Qa8 17. Rac1 Nf8 18. Rf2 d5 19. e5 Ne4 20. Nxe4 dxe4 21. Qe3 a5 22. b5 Bc5 23. Re2 Red8 24. Kf1 Ng6 25.
Bxe4 Ne7 26. g4 Rd7 27. Bxb7 Qxb7 28. Qe4 Qxe4 29. Rxe4 Rcd8 30. Nf3 Rd3 31. Ke2 Rb3 32. Rc2 Rdd3 33. Nd2 Re3+ 34. Kd1 Rbd3 35. Rxe3 Rxe3 36. Rc3 Rxc3 37. Bxc3 Bxa3 38. Bd4 Nc8 39. Ne4 Kf8 40. Kc2 Ke8 41. Be3 Be7 42. Kb3 Kd8 43. h3 Kc7 44.
Ka4 Bf8 45. Ng5 f6 46. Nxh7 Be7 47. Bd4 f5 48. Be3 1-0

[Event "Early-Titled-Tuesday-Blitz-March-05-2024"]
[Site "Chess.com"]
[Date "2024.03.05"]
[Round "4"]
[White "NewYearGirl"]
[Black "Triumphmate"]
[Result "1-0"]
[WhiteElo "2372"]
[BlackElo "2513"]
[TimeControl "180+1"]
[EndTime "8:42:15 PST"]
[Termination "NewYearGirl won on time"]

1. e4 d5 2. exd5 Nf6 3. Nf3 Bg4 4. Bb5+ c6 5. dxc6 Nxc6 6. h3 Bh5 7. g4 Bg6 8. d4 e6 9. Ne5 Rc8 10. Nc3 Bd6 11. f4 O-O 12. O-O Nxd4 13. Nxg6 hxg6 14. Bd3 Qb6 15. Kh2 Rfd8 16. Qe1 g5 17. Be3 gxf4 18.
Bxf4 Bxf4+ 19. Rxf4 Qd6 20. Qg3 b5 21. Raf1 b4 22. Ne4 Nxe4 23. Bxe4 f6 24. Qh4 Ne2 25. Qh7+ Kf8 26. Bg6 Qe5 27. Qh8+ Ke7 28. Qxg7+ Kd6 29. Rd1+ Kc6 30. Be4+ Kb6 31. Qb7+ Kc5 32. Qxa7+ Kb5 33. Qb7+ Kc5 34. Qa7+ Kb5 35. a4+ bxa3 36. Qb7+ Kc4 37. Bd3+ 1-0

[Event "Early-Titled-Tuesday-Blitz-March-05-2024"]
[Site "Chess.com"]
[Date "2024.03.05"]
[Round "4"]
[White "SashaKuzhilniy"]
[Black "thesupera12"]
[Result "0-1"]
[WhiteElo "2617"]
[BlackElo "2480"]
[TimeControl "180+1"]
[EndTime "8:42:16 PST"]
[Termination "thesupera12 won by resignation"]

1. d4 d5 2. Nf3 c5 3. dxc5 Nf6 4.
c3 Nc6 5. b4 Bg4 6. e3 e6 7.
Nbd2 a5 8. Bb5 Be7 9. Bb2 O-O 10. a3 Ne5 11. O-O b6 12. cxb6 Qxb6 13. Be2 Bxf3 14. Nxf3 Bd6 15. Qd4 Qb8 16. h3 Nc6 17. Qh4 Be7 18.
b5 Ne4 19. Qh5 Nf6 20. Qh4 Ne4 21. Qf4 Bd6 22. Qg4 f5 23. Qh5 Ne7 24. c4 dxc4 25. Bxc4 Nd5 26. Rfd1 Qb7 27. Ng5 g6 28. Qh6 Nxg5 29.
Qxg5 Be7 30. Qh6 Bf6 31. Bxf6 Rxf6 32. Bxd5 exd5 33. a4 Rd8 34. Rac1 Rfd6 35. Qh4 Qg7 36. Rd4 g5 37. Re4 gxh4 38. Rxh4 Rg6 39. g3 Rxg3+ 40.
Kh1 Rg6 41. Rf4 Kh8 0-1

[Event "Early-Titled-Tuesday-Blitz-March-05-2024"]
[Site "Chess.com"]
[Date "2024.03.05"]
[Round "4"]
[White "ozates"]
[Black "FlemingA"]
[Result "0-1"]
[WhiteElo "2597"]
[BlackElo "2455"]
[TimeControl "180+1"]
[EndTime "8:42:16 PST"]
[Termination "FlemingA won by resignation"]

1. e4 g6 2. d4 Bg7 3. Nc3 a6 4. f4 b5 5. Nf3 Bb7 6. Bd3 Nf6 7. e5 Nd5 8. Nxd5 Bxd5 9. a4 b4 10. a5 d6 11. O-O Nd7 12. Qe2 c5 13.
c4 bxc3 14. bxc3 cxd4 15. cxd4 O-O 16. Ba3 Re8 17. Bxa6 Qxa5 18. Bb5 Qc7 19. Rac1 Qb7 20. Rc3 Reb8 21. Bc4 Nb6 22. Bb5 Na4 23. Bxa4 Rxa4 24. Rfc1 Qa7 25. Bb2 Qb7 26. Ba1 Ra2 27. Qe3 Qa6 28.
Qe1 Ra8 29. exd6 exd6 30. Re3 Rxa1 31. Re8+ Rxe8 32. Qxe8+ Bf8 33. Rxa1 Qxa1+ 34. Kf2 Bxf3 35. Kxf3 Qxd4 36. Qd7 Qd5+ 37. Kf2 Qe6 38. Qc6 h6 39. g3 Bg7 40. Qa8+ Kh7 41. Qc6 d5 42. Qc2 Qe4 43. Qd2 Qd4+ 0-1

[Event "Early-Titled-Tuesday-Blitz-March-05-2024"]
[Site "Chess.com"]
[Date "2024.03.05"]
[Round "4"]
[White "HajiyevKanan"]
[Black "yonaltimur"]
[Result "1-0"]
[WhiteElo "2532"]
[BlackElo "2351"]
[TimeControl "180+1"]
[EndTime "8:42:16 PST"]
[Termination "HajiyevKanan won on time"]

1. d4 d5 2. Nf3 Nf6 3. c4 e6 4.
Nc3 a6 5. cxd5 exd5 6. Qc2 c6 7. Bg5 Be6 8. Ne5 Nbd7 9. f4 h6 10. Bh4 g6 11. e3 Be7 12. Bd3 Rg8 13. O-O Qc7 14.
e4 dxe4 15. Nxe4 Nxe4 16. Bxe7 Nxe5 17. dxe5 Qxe7 18. Bxe4 O-O-O 19. a3 Kb8 20. b4 Rd4 21. Rad1 Rgd8 22. g3 Qd7 23. Bf3 Rd2 24. Rxd2 Qxd2 25.
Qxd2 Rxd2 26. Rf2 Rd3 27. a4 Rb3 28. b5 axb5 29. axb5 Rxb5 30. g4 Bd5 31. Be2 Rb1+ 32.
Rf1 Rxf1+ 33. Kxf1 Be4 34. Kf2 b5 35. Ke3 Bc2 36. Kd4 b4 37. Bc4 b3 38. Kc3 c5 39.
Bxf7 Kc7 40. h4 Kc6 41. Bxb3 Be4 42. Bf7 Bf3 43. h5 gxh5 44. Bxh5 Kd5 45. Bf7+ Ke4 46. e6 Kxf4 47. e7 Bc6 48. Bh5 Bd7 49. Kc4 Kg5 50.
Kxc5 1-0

[Event "Early-Titled-Tuesday-Blitz-March-05-2024"]
[Site "Chess.com"]
[Date "2024.03.05"]
[Round "4"]
[White "Njal28"]
[Black "PavelShkapenko"]
[Result "1/2-1/2"]
[WhiteElo "3025"]
[BlackElo "2751"]
[TimeControl "180+1"]
[EndTime "8:42:18 PST"]
[Termination "Game drawn by repetition"]

1. d4 Nf6 2. c4 e6 3. Nc3 Bb4 4. e3 c5 5. a3 Bxc3+ 6. bxc3 O-O 7. Ne2 Nc6 8. Ng3 b6 9. e4 Ne8 10. d5 Na5 11. Bd3 Ba6 12. Qe2 f6 13. O-O Nd6 14. Nh5 Bxc4 15. Rd1 e5 16. Bxc4 Naxc4 17. Rd3 Rf7 18.
Rg3 Kh8 19. Rh3 Kg8 20. f4 g6 21. Ng3 exf4 22. Bxf4 Ne5 23. Rf1 Qe7 24. Rh6 Re8 25. h4 Rg7 26. h5 Nef7 27. hxg6 Nxh6 28. Bxh6 Rxg6 29. Bf4 Nxe4 30. Nf5 Qf8 31. Qh5 c4 32. Bh6 Qc5+ 33. Be3 Qf8 34. Bd4 Ng3 35. Nxg3 Rxg3 36. Rxf6 Qe7 37. Kh2 Rg7 38. d6 Qe4 39. Rf3 Rg6 40.
Qh3 Qe6 41. Qh5 Qg4 42. Qd5+ Qe6 43. Qh5 Qxd6+ 44. Kg1 Qe6 45. Rh3 Qf7 46. Qh4 Re2 47. Qd8+ Re8 48. Qh4 Re2 49. Qd8+ Re8 50. Qh4 1/2-1/2

[Event "Early-Titled-Tuesday-Blitz-March-05-2024"]
[Site "Chess.com"]
[Date "2024.03.05"]
[Round "4"]
[White "Oleksandr_Bortnyk"]
[Black "Brave_spirit12"]
[Result "1-0"]
[WhiteElo "2968"]
[BlackElo "2714"]
[TimeControl "180+1"]
[EndTime "8:42:18 PST"]
[Termination "Oleksandr_Bortnyk won by resignation"]

1. e4 e6 2. d4 d5 3. Nc3 Nf6 4. Bg5 dxe4 5. Nxe4 Be7 6. Bxf6 gxf6 7. Nf3 f5 8. Nc3 a6 9. Qd3 b5 10. O-O-O b4 11.
Na4 Bb7 12. Qe3 Qd5 13. b3 Nd7 14. Bc4 Qe4 15. Qh6 Qg4 16. d5 e5 17. Rhe1 e4 18.
d6 cxd6 19. Rxd6 Bxd6 20. Qxd6 Qg6 21. Qxb4 Bc6 22. Nd4 Bxa4 23. Qxa4 Qd6 24. Nxf5 Qf4+ 25. Ne3 Qxf2 26. Re2 Qf6 27. Kb1 Rd8 28. Nd5 Qf1+ 29. Kb2 O-O 30. Rxe4 Nc5 31. Ne7+ Kh8 32. Bxf1 Nxa4+ 33.
Rxa4 Rd7 34. Nf5 Rd2 35. Rxa6 Rf2 36. Bd3 Rd8 37. h4 h5 38. Kc3 Rc8+ 39. Kd4 Rxg2 40. Rh6+ Kg8 41. Ne7+ Kg7 42. Rh7+ 1-0

[Event "Early-Titled-Tuesday-Blitz-March-05-2024"]
[Site "Chess.com"]
[Date "2024.03.05"]
[Round "4"]
[White "xxysoul6"]
[Black "Hongjin"]
[Result "1-0"]
[WhiteElo "2918"]
[BlackElo "2681"]
[TimeControl "180+1"]
[EndTime "8:42:19 PST"]
[Termination "xxysoul6 won on time"]

1. e4 c5 2. Nc3 a6 3. Nf3 e6 4.
g3 b5 5. Bg2 Bb7 6. d4 cxd4 7.
Nxd4 Nf6 8. O-O b4 9. Nd5 exd5 10. exd5 Bc5 11. Re1+ Kf8 12. Nf5 d6 13. Bf4 Bc8 14.
Qd3 Bxf5 15. Qxf5 Nbd7 16. Re2 h6 17. Rae1 g6 18. Qd3 Kg7 19. Bh3 g5 20. Bd2 Ne5 21.
Qf5 Qc8 22. Qxc8 Raxc8 23. Bxc8 Nf3+ 24. Kf1 Nxe1 25. Bxa6 Nxc2 26. Bc4 Nd4 27. Re7 Nf3 28. Bc1 Re8 29. Rxe8 Nxe8 30. Be2 Nd4 31. Bc4 Nc7 32. a4 bxa3 33. bxa3 Nf5 34. a4 Ne7 35. a5 Nexd5 36.
Ke2 Nb4 37. f4 d5 38. Bb3 f6 39. Bd2 Nc6 40. Ba4 Nd4+ 41. Kd3 Nde6 42. f5 Nd8 43. Bd7 Kf7 44. Bc8 Ke7 45. a6 Nc6 46. Bb7 1-0

[Event "Early-Titled-Tuesday-Blitz-March-05-2024"]
[Site "Chess.com"]
[Date "2024.03.05"]
[Round "4"]
[White "Abund"]
[Black "JonSnowNW1"]
[Result "1-0"]
[WhiteElo "2753"]
[BlackElo "2538"]
[TimeControl "180+1"]
[EndTime "8:42:19 PST"]
[Termination "Abund won on time"]

1. e4 c5 2. Nf3 d6 3. d4 cxd4 4. Qxd4 a6 5. Be2 Nc6 6. Qe3 g6 7. O-O Bg7 8. h3 Nf6 9. Rd1 Qc7 10. c4 O-O 11. Nc3 e6 12. b3 b5 13. cxb5 Nb4 14. Qd2 d5 15. Ba3 a5 16. Rac1 Qa7 17. exd5 exd5 18.
Nd4 Re8 19. Bf3 Bb7 20. Na4 Ne4 21. Bxe4 dxe4 22. b6 Qb8 23. Bxb4 axb4 24. Nb5 Qe5 25.
Nc7 Red8 26. Qe3 Rac8 27. Nc5 Rxd1+ 28. Rxd1 Bc6 29. h4 Bf6 30. h5 Be7 31. hxg6 Bxc5 32. Qh3 hxg6 33. Qxc8+ Kg7 34. Qh3 Qf4 35. Rf1 Bxb6 36.
Qg3 Qxg3 37. Ne8+ 1-0

[Event "Early-Titled-Tuesday-Blitz-March-05-2024"]
[Site "Chess.com"]
[Date "2024.03.05"]
[Round "4"]
[White "AA95"]
[Black "Shivananda1964"]
[Result "0-1"]
[WhiteElo "2499"]
[BlackElo "2346"]
[TimeControl "180+1"]
[EndTime "8:42:19 PST"]
[Termination "Shivananda1964 won on time"]

1. c4 e5 2. Nc3 Nf6 3. g3 d5 4.
cxd5 Nxd5 5. Bg2 Nb6 6. Nf3 Nc6 7. O-O Be7 8. d3 Be6 9. Be3 O-O 10. a3 f6 11. Rc1 Qd7 12. Re1 Rad8 13. Ne4 Nd5 14. Nc5 Bxc5 15. Bxc5 Rfe8 16. Nd2 b6 17. Be3 Nce7 18.
b4 Nf5 19. Nf1 Ndxe3 20. Nxe3 Nxe3 21. fxe3 Qf7 22. Bc6 Re7 23. Qa4 h5 24. b5 Qg6 25.
Rf1 Qg5 26. Kf2 Bh3 27. Rfe1 Bg4 28. h4 Qf5+ 29. Kg1 Qg6 30. Kh2 f5 31. Qxa7 Rf8 32. Bg2 f4 33. exf4 exf4 34. gxf4 Qf6 35. e3 Qxh4+ 36.
Kg1 Qg3 37. Qb7 h4 38. Qd5+ Kh8 39. Kh1 h3 40. Be4 Rxe4 0-1

[Event "Early-Titled-Tuesday-Blitz-March-05-2024"]
[Site "Chess.com"]
[Date "2024.03.05"]
[Round "4"]
[White "KorolDimitriy75"]
[Black "shirovin"]
[Result "1-0"]
[WhiteElo "2442"]
[BlackElo "2071"]
[TimeControl "180+1"]
[EndTime "8:42:20 PST"]
[Termination "KorolDimitriy75 won on time"]

1. d4 Nf6 2. c4 g6 3. Nc3 d5 4.
cxd5 Nxd5 5. e4 Nxc3 6. bxc3 c5 7. Nf3 Bg7 8. Rb1 O-O 9. Be2 Nc6 10. d5 Ne5 11. Nxe5 Bxe5 12. Qd2 Bc7 13. O-O Ba5 14. f4 e6 15. Bc4 exd5 16. Bxd5 Rb8 17. Qd3 Be6 18.
c4 Bxd5 19. cxd5 a6 20. a4 Qd7 21. Be3 Rfc8 22. Rfc1 Bb4 23. e5 Qxa4 24. d6 Qb5 25.
Qb3 a5 26. e6 c4 27. exf7+ Kxf7 28. Qd1 c3 29. Bd4 Rc4 30. Kh1 Qd5 31. Ba7 Qxd1+ 32. Rxd1 c2 33. Bxb8 cxb1=Q 34. Rxb1 Rc8 35. Bc7 Rg8 36.
d7 Ke7 37. d8=Q+ Rxd8 38. Bxd8+ Kxd8 39. g3 b5 40. Kg2 Kc7 41. Kf3 Kc6 42. Ke4 Kc5 43.
g4 a4 44. f5 1-0

[Event "Early-Titled-Tuesday-Blitz-March-05-2024"]
[Site "Chess.com"]
[Date "2024.03.05"]
[Round "4"]
[White "Baku_Boulevard"]
[Black "DuleMudule"]
[Result "1-0"]
[WhiteElo "3079"]
[BlackElo "2863"]
[TimeControl "180+1"]
[EndTime "8:42:21 PST"]
[Termination "Baku_Boulevard won on time"]

1. e4 c5 2. Nf3 Nc6 3. c3 Nf6 4. e5 Nd5 5. Bc4 Nb6 6. Bb3 c4 7. Bc2 d6 8. exd6 Qxd6 9. O-O Bg4 10. h3 Bh5 11. Re1 Bg6 12. b3 e6 13. Na3 cxb3 14.
axb3 Be7 15. d4 O-O 16. Nc4 Qc7 17. Bxg6 hxg6 18. Nxb6 Qxb6 19. Be3 Qc7 20. d5 exd5 21.
Qxd5 Rfd8 22. Qc4 Bf6 23. Bg5 Rac8 24. Qh4 Qd6 25. Re4 Ne7 26. Rd4 Qb6 27. Rb4 Qc6 28. Rc4 Qb6 29. Rb4 Qc6 30. Bxf6 gxf6 31. Rxa7 Nf5 32.
Qf4 b5 33. g4 Ng7 34. Rd4 Rxd4 35. Nxd4 Qb6 36. Rd7 Rxc3 37. Rd6 Qc7 38. Qxf6 Ne8 39. Rd8 Rc1+ 40. Kg2 Qb7+ 41. Nf3 Qe4 42. Qd4 1-0

[Event "Early-Titled-Tuesday-Blitz-March-05-2024"]
[Site "Chess.com"]
[Date "2024.03.05"]
[Round "4"]
[White "ZCorrales"]
[Black "martinmena"]
[Result "1-0"]
[WhiteElo "2182"]
[BlackElo "2306"]
[TimeControl "180+1"]
[EndTime "8:42:21 PST"]
[Termination "ZCorrales won by resignation"]

1. e4 c6 2. d4 d5 3. e5 Bf5 4. Nf3 e6 5. Be2 c5 6. c3 Nc6 7. O-O Nge7 8. dxc5 Ng6 9. Bb5 Qc7 10. Bxc6+ bxc6 11. Qd4 Be4 12. Nbd2 Bxf3 13. Nxf3 Ne7 14. Bf4 Nf5 15. Qb4 Rb8 16. Qa3 Rb5 17. b4 a5 18.
g4 Ne7 19. Nd4 Rb8 20. bxa5 Ng6 21. Bg3 Ra8 22. Nb3 Nxe5 23. Kg2 f6 24. Rfe1 Be7 25. Nd4 Kf7 26. Bxe5 fxe5 27. Nf3 e4 28. Nd4 Rxa5 29. Qb2 Rb8 30. Qd2 Qe5 31. Nxc6 Qf6 32. Nxa5 Bxc5 33. Nc6 Rc8 34. Nd4 Bxd4 35. cxd4 Rc4 36. Red1 Qg6 37.
h3 Qf6 38. Rac1 Qf3+ 39. Kh2 Ra4 40. Rc7+ Kg6 41. Qe3 Qxe3 42. fxe3 Rxa2+ 43. Kg3 Re2 44. Kf4 Rf2+ 45. Ke5 Rf3 46. Re1 Rxh3 47. Kxe6 Rg3 48.
Kxd5 Rxg4 49. Ke5 h5 50. d5 h4 51. d6 Rg5+ 52. Ke6 Rf5 53. Rg1+ Rg5 54. Rxg5+ Kxg5 55. Rxg7+ Kh6 56. Rg1 h3 57. Rh1 h2 58. Rxh2+ 1-0

[Event "Early-Titled-Tuesday-Blitz-March-05-2024"]
[Site "Chess.com"]
[Date "2024.03.05"]
[Round "4"]
[White "Egor_Koshulyan"]
[Black "nrvisakh"]
[Result "1/2-1/2"]
[WhiteElo "2720"]
[BlackElo "2916"]
[TimeControl "180+1"]
[EndTime "8:42:22 PST"]
[Termination "Game drawn by repetition"]

1. f4 d5 2. Nf3 c5 3. g3 Nc6 4.
Bg2 g6 5. O-O Bg7 6. d3 d4 7. e4 dxe3 8. c3 Nf6 9. Bxe3 Qd6 10. Na3 Ng4 11. Nb5 Qd7 12. Bxc5 b6 13. Bf2 Nxf2 14. Rxf2 Bb7 15. d4 O-O 16. Na3 Rfd8 17. Nc4 Rac8 18. Nfe5 Qc7 19. Qg4 e6 20. Re1 b5 21.
Ne3 b4 22. N3c4 Nxe5 23. Nxe5 bxc3 24. Bxb7 Qxb7 25. bxc3 Rxc3 26. Qg5 Rxd4 27. Ng4 Rdd3 28. f5 gxf5 29. Nf6+ Kh8 30. Nh5 f6 31. Nxf6 Qf7 32. Ne4 Bd4 33. Nxc3 Bxf2+ 34. Kxf2 Rxc3 35. Qd8+ Kg7 36. Qg5+ Qg6 37. Qe7+ Qf7 38. Qg5+ Qg6 39. Qe7+ Qf7 40.
Qg5+ 1/2-1/2

[Event "Early-Titled-Tuesday-Blitz-March-05-2024"]
[Site "Chess.com"]
[Date "2024.03.05"]
[Round "4"]
[White "Dale"]
[Black "Preobrazhenska_D2011"]
[Result "0-1"]
[WhiteElo "2101"]
[BlackElo "2443"]
[TimeControl "180+1"]
[EndTime "8:42:22 PST"]
[Termination "Preobrazhenska_D2011 won by checkmate"]

1. Nf3 Nf6 2. h3 d5 3. g4 h6 4. d3 c5 5. a3 Nc6 6. Bg2 e5 7. Nc3 d4 8. Ne4 Nxe4 9. dxe4 Be7 10. e3 Be6 11. exd4 cxd4 12. O-O O-O 13. b4 Bc4 14. Bb2 Bxf1 15. Bxf1 a6 16. Bc4 Qc7 17. Bd5 Rad8 18. Rc1 Qd6 19. c4 Nb8 20. Bxb7 Qc7 21. Bd5 Nd7 22. Qa4 Qa7 23. c5 Nf6 24. Nxe5 Nxd5 25.
exd5 Rxd5 26. Nc6 Qc7 27. Nxd4 Qf4 28. Nf5 Bf6 29. Qb3 Bxb2 30. Qxb2 Re5 31. Rd1 Rfe8 32. Rd4 Qg5 33. Qd2 Rxf5 34. Qxg5 Rxg5 35. c6 Rc8 36. Rc4 Rg6 37. a4 Rgxc6 38. Rxc6 Rxc6 39.
Kg2 Rc4 40. b5 axb5 41. axb5 Rb4 42. Kg3 Rxb5 43. Kh4 g5+ 44. Kh5 Kg7 45. h4 Rb3 46.
hxg5 Rh3# 0-1

[Event "Early-Titled-Tuesday-Blitz-March-05-2024"]
[Site "Chess.com"]
[Date "2024.03.05"]
[Round "4"]
[White "Christian_Jordan"]
[Black "Willi_Skibbe"]
[Result "0-1"]
[WhiteElo "2075"]
[BlackElo "2316"]
[TimeControl "180+1"]
[EndTime "8:42:22 PST"]
[Termination "Willi_Skibbe won on time"]

1. e4 e5 2. Nf3 Nf6 3. d3 Nc6 4. c3 d5 5. Nbd2 a5 6. Qc2 Be7 7. Be2 h6 8. O-O O-O 9. b3 Be6 10. Bb2 Nh5 11. Rfe1 Nf4 12. Bf1 dxe4 13. dxe4 Bc5 14.
Nc4 Qf6 15. Ne3 Rad8 16. Rad1 Rxd1 17. Rxd1 Nh3+ 18. gxh3 Qxf3 19. Bg2 Qf6 20. Qe2 Rd8 21.
Rxd8+ Qxd8 22. Nd5 Ne7 23. c4 c6 24. Nxe7+ Qxe7 25. Bxe5 Bxc4 26. Qxc4 Qxe5 27. Bf3 Bd6 28. Kf1 Qxh2 29. Ke2 Qxh3 30. Qd4 Qe6 31. Qb6 Qe5 32.
Qxb7 Qb2+ 33. Kf1 Bc5 34. Be2 Qc1+ 35. Kg2 Qg5+ 36. Kf1 Qf6 37. Qb8+ Kh7 38. Qg3 Qa1+ 39. Kg2 Qd4 40. Qf3 f6 41. Qf5+ Kg8 42. Qc8+ Kf7 43.
Qf5 Qe5 0-1

[Event "Early-Titled-Tuesday-Blitz-March-05-2024"]
[Site "Chess.com"]
[Date "2024.03.05"]
[Round "4"]
[White "GMKrikor"]
[Black "Dinosaurio_1975"]
[Result "1-0"]
[WhiteElo "2871"]
[BlackElo "2583"]
[TimeControl "180+1"]
[EndTime "8:42:24 PST"]
[Termination "GMKrikor won by resignation"]

1. Nf3 d5 2. c4 e6 3. d4 Nf6 4.
Nc3 a6 5. cxd5 exd5 6. Bf4 Bd6 7. Bxd6 Qxd6 8. e3 Nc6 9. Bd3 Ne7 10. Qc2 O-O 11. h3 g6 12. Nh4 Ne8 13. O-O Qf6 14.
Nf3 Nd6 15. Ne5 Re8 16. Na4 c6 17. Nb6 Ra7 18. Qc5 Qe6 19. Nxd5 b6 20. Qxb6 Rb7 21.
Nxe7+ Qxe7 22. Qxc6 Rxb2 23. Rab1 Bb7 24. Qc5 Rxb1 25.
Rxb1 Rc8 26. Qa7 Rc7 27. Qb6 Kg7 28. Bf1 Bd5 29. Qb2 h5 30. Nd3 Qe6 31. Nf4 Qf5 32. Nxd5 Qxd5 33. Rc1 Rb7 34. Qc2 a5 35. Bd3 Rb4 36. Qc5 Qe6 37. Qxa5 Rb2 38. Qe5+ Qxe5 39. dxe5 Nb7 40. Bc4 Na5 41. Bd5 Rb5 42. e4 f6 43.
Rc7+ Kf8 44. exf6 Rb8 45. Rh7 Rb1+ 46. Kh2 Ke8 47. Rh8+ Kd7 48. f7 1-0

[Event "Early-Titled-Tuesday-Blitz-March-05-2024"]
[Site "Chess.com"]
[Date "2024.03.05"]
[Round "4"]
[White "marcodobrikov"]
[Black "JonasEilenberg"]
[Result "1-0"]
[WhiteElo "2774"]
[BlackElo "2547"]
[TimeControl "180+1"]
[EndTime "8:42:24 PST"]
[Termination "marcodobrikov won by checkmate"]

1. c4 e6 2. g3 d5 3. Bg2 dxc4 4. Qa4+ Nd7 5. Qxc4 a6 6. Nc3 Ngf6 7. d4 c5 8. d5 b5 9. Qd3 Bb7 10. e4 exd5 11.
exd5 Bd6 12. Nge2 O-O 13. O-O Re8 14. Bf4 Qb6 15. a4 b4 16. Nb1 c4 17. Qxc4 Rac8 18. Qd3 Nc5 19. Qd1 Nce4 20. Nd2 Nxf2 21. Rxf2 Bc5 22.
Qf1 Ng4 23. Ne4 Rxe4 24. Bxe4 Nxf2 25. Bf3 Re8 26. Kg2 Nd3 27. b3 Be3 28. Rd1 Nxf4+ 29. Nxf4 Bxf4 30. gxf4 Qd6 31. Qc4 Rc8 32. Qd4 Rc3 33. Re1 f5 34. Re8+ Kf7 35. Re5 Qg6+ 36. Kf2 Qf6 37. Bh5+ g6 38. Be2 Qh4+ 39. Kf1 Rc1+ 40. Kg2 Rc3 41. Qf2 Qh3+ 42. Kg1 Rc1+ 43. Bf1 Qxb3 44. d6 Bc6 45. Re7+ Kf6 46. Qd4# 1-0

[Event "Early-Titled-Tuesday-Blitz-March-05-2024"]
[Site "Chess.com"]
[Date "2024.03.05"]
[Round "4"]
[White "andrzej"]
[Black "FoggyMorning"]
[Result "1-0"]
[WhiteElo "2551"]
[BlackElo "2711"]
[TimeControl "180+1"]
[EndTime "8:42:24 PST"]
[Termination "andrzej won on time"]

1. e4 e6 2. d4 d5 3. Nc3 Bb4 4. e5 c5 5. a3 Bxc3+ 6. bxc3 Qa5 7. Bd2 Qa4 8. Qg4 Kf8 9. h4 Ne7 10. h5 h6 11. Qd1 b6 12. Rh4 Ba6 13. Bxa6 Nxa6 14.
Rf4 cxd4 15. cxd4 Kg8 16. Ne2 Rc8 17. Nc3 Qd7 18. Qe2 Rc4 19. Rb1 Nc7 20. g4 Nc6 21. Qd3 Qe7 22. Ne2 Qh4 23. Kd1 Kf8 24. Qf3 Qe7 25. Rb3 Ke8 26. Rc3 b5 27. Rxc4 bxc4 28.
Nc3 Rf8 29. Bc1 a6 30. Na4 f6 31. exf6 Rxf6 32. c3 Rf7 33. Nc5 e5 34. Rxf7 Qxf7 35. Qg3 exd4 36. cxd4 Nxd4 37. Qe3+ Nde6 38. Nb7 Kd7 39.
Qa7 Qf6 40. Be3 Qe5 41. Nc5+ 1-0

[Event "Early-Titled-Tuesday-Blitz-March-05-2024"]
[Site "Chess.com"]
[Date "2024.03.05"]
[Round "4"]
[White "bescmelasti"]
[Black "becemix"]
[Result "1-0"]
[WhiteElo "2648"]
[BlackElo "2444"]
[TimeControl "180+1"]
[EndTime "8:42:24 PST"]
[Termination "bescmelasti won on time"]

1. c4 e5 2. Nc3 Nf6 3. Nf3 Nc6 4. e4 Bc5 5. Nxe5 Nxe5 6. d4 Bd6 7. c5 Bxc5 8. dxc5 O-O 9. Be2 b6 10. f4 Nc6 11. e5 Ne8 12. cxb6 axb6 13. O-O Bb7 14. Bf3 f6 15. Be3 Ra5 16. b4 Ra3 17. Qc1 Qa8 18.
b5 Nd8 19. Bxb7 Nxb7 20. Nd5 Rd3 21. Qc4 Rxd5 22. Qxd5+ Kh8 23. a4 Qc8 24. Rad1 d6 25. e6 f5 26. Bd4 Qd8 27. Rfe1 Qc8 28. e7 Rg8 29. Re6 Nc5 30. Bxc5 bxc5 31. Qxf5 Qd7 32.
Rde1 c6 33. Qd3 cxb5 34. axb5 d5 35. b6 c4 36. Qd4 Qb7 37. R1e5 c3 38. Qxc3 Nf6 39.
Rxf6 gxf6 40. e8=Q fxe5 41. Qcxe5+ 1-0

[Event "Early-Titled-Tuesday-Blitz-March-05-2024"]
[Site "Chess.com"]
[Date "2024.03.05"]
[Round "4"]
[White "chess94cu"]
[Black "nicolasbatista3"]
[Result "0-1"]
[WhiteElo "2646"]
[BlackElo "2478"]
[TimeControl "180+1"]
[EndTime "8:42:25 PST"]
[Termination "nicolasbatista3 won on time"]

1. Nf3 d5 2. c4 c6 3. e3 Nf6 4. Nc3 e6 5. b3 Bd6 6. d4 O-O 7. Bd3 Nbd7 8. O-O e5 9. cxd5 cxd5 10. dxe5 Nxe5 11. Nxe5 Bxe5 12. Bb2 Bg4 13. Be2 Be6 14.
Rc1 Rc8 15. Qd2 a6 16. Bf3 Qd6 17. g3 Rfd8 18. Rfd1 Qb8 19. Ne2 h6 20. Bxe5 Qxe5 21. Qd4 Qb8 22. Nf4 Rxc1 23. Rxc1 Rc8 24. Rxc8+ Qxc8 25. Nxd5 Nxd5 26. Bxd5 Bh3 27. Qd2 Qd7 28. e4 Qg4 29.
Qd3 Qg5 30. f4 Qe7 31. Qc3 Qa3 32. Qc2 Qb4 33. Kf2 Qd4+ 34. Kf3 Qg1 35. Qc7 Bg2+ 36. Kg4 Qd1+ 37. Kh4 g5+ 0-1

[Event "Early-Titled-Tuesday-Blitz-March-05-2024"]
[Site "Chess.com"]
[Date "2024.03.05"]
[Round "4"]
[White "AldokhinIvan"]
[Black "Matalon"]
[Result "1/2-1/2"]
[WhiteElo "2665"]
[BlackElo "2490"]
[TimeControl "180+1"]
[EndTime "8:42:26 PST"]
[Termination "Game drawn by repetition"]

1. e4 c5 2. Nf3 d6 3. d4 cxd4 4. Nxd4 Nf6 5. Nc3 e5 6. Nf3 h6 7. Bc4 Be7 8. O-O O-O 9. Be3 Be6 10. Bb3 Nbd7 11. Qe2 a6 12. Rad1 b5 13. Bxe6 fxe6 14. a4 b4 15. Na2 a5 16. Qc4 Kf7 17. c3 Qc8 18. Qe2 Qb7 19. cxb4 axb4 20. b3 Nxe4 21.
Rfe1 d5 22. Bc1 Kg8 23. Bb2 Bf6 24. Qd3 Nec5 25. Qc2 Rac8 26. Qg6 Nxb3 27. Rb1 e4 28. Nh4 Nd2 29. Qg4 Qa6 30. Ng6 Rf7 31. Nxb4 Qxa4 32. Qxe6 Nxb1 33. Nxd5 Qa5 34. Rxb1 Rb8 35. Nge7+ Bxe7 36. Nxe7+ Kf8 37. Ng6+ Kg8 38. Ne7+ Kf8 39.
Ng6+ Kg8 40. Ne7+ 1/2-1/2

[Event "Early-Titled-Tuesday-Blitz-March-05-2024"]
[Site "Chess.com"]
[Date "2024.03.05"]
[Round "4"]
[White "IlanSchnaider"]
[Black "Chessbard1972"]
[Result "1-0"]
[WhiteElo "2661"]
[BlackElo "2453"]
[TimeControl "180+1"]
[EndTime "8:42:26 PST"]
[Termination "IlanSchnaider won by checkmate"]

1. e4 e5 2. Nf3 Nc6 3. d4 exd4 4. Nxd4 Bc5 5. Nb3 Bb6 6. Nc3 d6 7. Bf4 Nge7 8. Qd2 Ng6 9. Bg3 O-O 10. O-O-O a5 11.
Bb5 Bd7 12. a4 Nce5 13. h4 Bxb5 14. Nxb5 h5 15. Qe2 Ng4 16. f3 Nf6 17. e5 Qe7 18.
f4 Ng4 19. Qe4 dxe5 20. f5 Be3+ 21. Kb1 Nf4 22. Rhe1 Bf2 23. Bxf4 Bxe1 24. Rxe1 Qxh4 25. Bd2 c6 26. Nd6 Qg3 27. Nxb7 Rab8 28. N7c5 Rfd8 29.
Bxa5 Nf6 30. Qxe5 Rd1+ 31. Ka2 Qxe1 32. Bxe1 Rbd8 33. Bc3 R1d5 34. Qg3 Rxf5 35. Ne4 Ng4 36. a5 Re8 37. Nd6 Re3 38. Nxf5 Rxg3 39. Nxg3 Ne5 40. Bxe5 f6 41. a6 h4 42. a7 Kh7 43. a8=Q hxg3 44. Qxc6 fxe5 45. Qe4+ Kg8 46. Qxe5 Kf7 47. Nd4 Kg6 48.
Qf5+ Kh6 49. Ne6 g6 50. Qg5+ Kh7 51. Qe7+ Kh6 52. Qh4# 1-0

[Event "Early-Titled-Tuesday-Blitz-March-05-2024"]
[Site "Chess.com"]
[Date "2024.03.05"]
[Round "4"]
[White "awesomevishesh"]
[Black "Mops_2004"]
[Result "1-0"]
[WhiteElo "2645"]
[BlackElo "2840"]
[TimeControl "180+1"]
[EndTime "8:42:27 PST"]
[Termination "awesomevishesh won by resignation"]

1. d4 g6 2. c4 Bg7 3. e4 d6 4. Nc3 e5 5. Nf3 Bg4 6. dxe5 dxe5 7. Qxd8+ Kxd8 8. Bg5+ f6 9. O-O-O+ Nd7 10. Be3 Bh6 11.
Bxh6 Nxh6 12. Nd5 Rf8 13. Be2 c6 14. Ne3 Ke7 15. Nxg4 Nxg4 16. Rhf1 Nh6 17. h4 a5 18. Ne1 Nc5 19. f3 Nf7 20. Nc2 Nd8 21. g3 Nde6 22.
Rd2 Rad8 23. Rfd1 Rxd2 24. Kxd2 f5 25. Ke3 f4+ 26. gxf4 Rxf4 27. Rh1 h5 28. Bf1 Kf6 29. Rh3 Kg7 30. Ne1 Nd4 31. Ng2 Rf8 32. f4 Nc2+ 33.
Kd2 Nb4 34. a3 Rd8+ 35. Ke2 Nbd3 36. fxe5 Nxb2 37. Nf4 Rd4 38. Rg3 Rxe4+ 39. Kf3 Rxe5 40. Rxg6+ Kh7 41. Rf6 Kg8 42. Bh3 Nxc4 43. Ne6 Re3+ 44. Kg2 Ne4 45. Rf8+ Kh7 46. Bf5+ 1-0